 Dungeon Crawl Stone Soup version 0.16.2-2-g470672f (webtiles) character file.

63 monobi the Sneak (level 3, -12/27 HPs)
             Began as a Demonspawn Assassin on Sept 3, 2015.
             Killed by nerve-wracking pain
             ... invoked by Grinder
              (14 damage)
             ... on level 3 of the Dungeon.
             The game lasted 00:04:04 (2152 turns).

monobi the Sneak (Demonspawn Assassin)              Turns: 2152, Time: 00:04:04

Health: -12/27     AC:  6    Str: 11    XL:     3   Next: 89%
Magic:  3/3        EV: 12    Int: 12    God:
Gold:   186        SH:  0    Dex: 15    Spells: 0 memorised, 2 levels left

rFire  . . .     SeeInvis .     a - +2 dagger
rCold  . . .     Clarity  .     c - +0 robe
rNeg   . . .     SustAb   +     (no shield)
rPois  .         Gourm    .     (no helmet)
rElec  .         Spirit   .     d - +0 cloak
rCorr  .         Warding  .     o - +2 pair of gloves
rMut   .         Stasis   .     (no boots)
MR     .....                    (no amulet)
Stlth  +++.......               (no ring)
                                i - ring of sustain abilities

@: flying, not resistant to hostile enchantments, fairly stealthy
A: powered by death 2
a: no special abilities


You were on level 3 of the Dungeon.
You were near starving.

You visited 1 branch of the dungeon, and saw 3 of its levels.

You collected 186 gold pieces.

Inventory:

Hand weapons
 a - a +2 dagger (weapon)
 b - a +0 blowgun
 s - a +0 vampiric whip
 t - a cursed +0 mace
Missiles
 e - 8 poisoned needles
 f - 2 curare-tipped needles
Armour
 c - a +0 robe (worn)
 d - a +0 cloak (worn)
 h - a cursed +0 cloak
 o - a +2 pair of gloves (worn)
Jewellery
 i - a ring of sustain abilities (left hand)
 n - a cursed ring of loudness {unknown}
 u - an uncursed ring of ice {unknown}
Scrolls
 k - a scroll of teleportation {unknown}
 l - 2 scrolls of identify
 m - 2 scrolls of noise {unknown}
 p - a scroll of remove curse {unknown}
 w - a scroll of immolation {unknown}
 x - a scroll of random uselessness {unknown}
 y - a scroll of magic mapping {unknown}
 A - a scroll of enchant weapon {unknown}
Comestibles
 g - 3 bread rations
 j - a slice of pizza
 r - a beef jerky
 z - 2 meat rations


   Skills:
 + Level 2.2 Fighting
 * Level 2.6 Short Blades
 + Level 1.9 Throwing
 + Level 1.5 Dodging
 + Level 4.2 Stealth


You had 2 spell levels left.
You didn't know any spells.

Dungeon Overview and Level Annotations

Branches:
Dungeon (3/15)

Altars:
Ashenzari
Yredelemnul

Annotations:
D:3 Grinder


Innate Abilities, Weirdness & Mutations

You can steal the life force of defeated enemies.


Message History

Drink which item? (? for menu, Esc to quit)
It was a potion of flight.
You feel very buoyant.
You fly up into the air.
Grinder gestures.
Grinder blinks!
Drink which item? (? for menu, Esc to quit)
It was a potion of magic.
Magic courses through your body. Grinder hits you.
* * * LOW HITPOINT WARNING * * *
You hit Grinder.
Grinder is lightly wounded.
Grinder says, "Mostly I couldn't keep them alive."
Grinder completely misses you.
You closely miss Grinder.
Grinder is lightly wounded.
Grinder gestures at you. Pain shoots through your body!
Ouch! That really hurt!
You die...

##########...####>........
##..## ##.......# ##..##
##.....## ##.#.# ##...##
##.###.## ##+# #.## #.#
#.# ##.###.## #.# ##.#.#
##.## ##@# ##.<.### #5# #
#....... #.. . #....###
#### #.#.#.#... #.#.#.#.##
#.......# ###.#.###
#.#.#### #.......


You could see Grinder.

Vanquished Creatures
  2 adders
  2 worms
  A giant gecko (D:1)
  A giant cockroach (D:2)
  7 hobgoblins
  5 bats
  A giant newt (D:3)
  3 goblins (D:1)
  8 kobolds
  7 rats
37 creatures vanquished.

Notes
Turn   | Place    | Note
--------------------------------------------------------------
     0 | D:1      | monobi, the Demonspawn Assassin, began the quest for the Orb.
     0 | D:1      | Reached XP level 1. HP: 16/16 MP: 1/1
   253 | D:1      | Reached skill level 4 in Stealth
   264 | D:1      | Reached skill level 1 in Dodging
   264 | D:1      | Gained mutation: You can steal the life force of nearby defeated enemies. [demonic ancestry]
   264 | D:1      | Reached XP level 2. HP: 8/22 MP: 2/2
  1174 | D:2      | Gained mutation: You can steal the life force of defeated enemies. [demonic ancestry]
  1174 | D:2      | Reached XP level 3. HP: 18/27 MP: 3/3
  1585 | D:2      | Found a basalt altar of Yredelemnul.
  1586 | D:2      | Found a shattered altar of Ashenzari.
  2141 | D:3      | Noticed Grinder
  2152 | D:3      | Killed from afar by Grinder

Action                   || total
-------------------------++-------
Melee: Dagger            ||   166
  Use: Scroll            ||     1
       Potion            ||     2
 Stab: Sleeping          ||     6
  Eat: Chunk             ||     2
